 Dungeon Crawl Stone Soup version 0.18.1-50-g88ac8fd (webtiles) character file.

123 lorenzova the Ducker (level 5, 0/39 HPs)
             Began as a Merfolk Ice Elementalist on Oct 18, 2016.
             Slain by a centaur (5 damage)
             ... on level 2 of the Dungeon.
             The game lasted 00:07:00 (3059 turns).

lorenzova the Ducker (Merfolk Ice Elementalist)     Turns: 3059, Time: 00:07:01

Health: 0/39       AC:  2    Str:  9    XL:     5   Next: 7%
Magic:  6/8        EV: 13    Int: 14    God:
Gold:   78         SH:  3    Dex: 15    Spells: 2 memorised, 6 levels left

rFire  . . .     SeeInvis .     d - +0 short sword
rCold  . . .     Gourm    .     a - +0 robe
rNeg   . . .     Faith    .     e - +0 buckler (curse)
rPois  .         Spirit   .     (no helmet)
rElec  .         Dismiss  .     (no cloak)
rCorr  .         Reflect  .     (no gloves)
SustAt .         Harm     .     (no boots)
MR     .....                    (no amulet)
Stlth  ++........               (no ring)
                                (no ring)

@: not resistant to hostile enchantments, unstealthy
A: change form in water, swift swim
a: no special abilities


You were on level 2 of the Dungeon.
You were not hungry.

You visited 1 branch of the dungeon, and saw 2 of its levels.

You collected 78 gold pieces.

Inventory:

Hand Weapons
 d - a +0 short sword (weapon)
Armour
 a - a +0 robe (worn)
 e - a cursed +0 buckler (worn)
 i - a +0 helmet
Rods
 k - a -3 rod of shadows (11/11)
   (You found it on level 2 of the Dungeon)
Scrolls
 f - a scroll of noise {unknown}
 g - 2 scrolls of identify {unknown}
 j - a scroll of blinking {unknown}
 l - a scroll of fear {unknown}
 m - a scroll of random uselessness {unknown}
 o - a scroll of teleportation {unknown}
Potions
 h - a potion of agility {unknown}
Books
 b - a book of Frost

   Spells                             Type                      Level
   a - Freeze                         Ice                          1
   b - Throw Frost                    Conjuration/Ice              2
   c - Ozocubu's Armour               Charms/Ice                   3
   d - Throw Icicle                   Conjuration/Ice              4
   e - Summon Ice Beast               Ice/Summoning                4
Comestibles
 c - a bread ration


   Skills:
 - Level 2.5 Fighting
 - Level 4.4 Dodging
 - Level 2.1 Stealth
 + Level 2.5 Spellcasting
 - Level 0.7 Conjurations
 + Level 4.0 Ice Magic


You had 6 spell levels left.
You knew the following spells:

 Your Spells              Type           Power        Failure   Level  Hunger
a - Freeze                Ice            ##..         10%         1    #......
b - Throw Frost           Conj/Ice       #.....       21%         2    ###....


Dungeon Overview and Level Annotations

Branches:
Dungeon (2/15)

Altars:


Message History

* * * LOW HITPOINT WARNING * * *
The centaur unwields an uncursed shortbow.
The centaur barely misses you.
Casting: Throw Frost
Confirm with . or Enter, or press ? or * to list all spells.
Aiming: Freeze
Press: ? - help, Shift-Dir - straight line, f - centaur
Aim: a centaur You freeze the centaur.
The centaur is moderately wounded.
The centaur misses you.
Casting: Freeze
Confirm with . or Enter, or press ? or * to list all spells.
Aiming: Freeze
Press: ? - help, Shift-Dir - straight line, f/p - centaur
Aim: a centaur (moderately wounded)
You freeze the centaur.
The centaur is moderately wounded.
The centaur hits you.
You die...

.....#..............#.########
##......####.....##......)...#
#..#.#.#####.##.####.######.#
#..#............[....# #.#
#.†..#>####...(....... #.#
#...........c........## #.#
#.<..#.###..###.###..# #.####
##............##c# #..# #.....
.>..#.#.###...##@# #..# ######
..#............(.# #..#
..###.#####.#.#### #..#
......#...†.#.# ##..##
..#####.#####.# #.... †.# #.#
#.# #...#
..#####.#####.#####...#
.......#.............(#
.######.#####....##.#.#######


You could see a centaur.

Vanquished Creatures
  Jessica (D:2)
  2 adders (D:2)
  2 worms (D:2)
  2 dart slugs
  2 giant geckos (D:2)
  A ball python (D:2)
  4 giant cockroaches
  8 goblins
  7 hobgoblins
  4 jackals (D:2)
  3 kobolds
  2 quokkas (D:2)
  8 bats
  3 giant newts (D:1)
  7 rats
56 creatures vanquished.

Vanquished Creatures (collateral kills)
  An adder (D:2)
  A hobgoblin (D:2)
  A quokka (D:2)
3 creatures vanquished.

Grand Total: 59 creatures vanquished

Notes
Turn   | Place    | Note
--------------------------------------------------------------
     0 | D:1      | lorenzova the Merfolk Ice Elementalist began the quest for the Orb.
     0 | D:1      | Reached XP level 1. HP: 13/13 MP: 3/3
   339 | D:1      | Reached XP level 2. HP: 19/20 MP: 3/5
   360 | D:1      | Reached skill level 1 in Fighting
   921 | D:1      | Reached XP level 3. HP: 27/27 MP: 6/6
  1370 | D:1      | Learned a level 2 spell: Throw Frost
  1968 | D:2      | Reached XP level 4. HP: 22/34 MP: 0/7
  2243 | D:2      | Identified a -3 rod of shadows (11/11) (You found it on level 2 of the Dungeon)
  2766 | D:2      | Noticed Jessica
  2798 | D:2      | Killed Jessica
  2886 | D:2      | Reached XP level 5. HP: 35/39 MP: 3/8
  3048 | D:2      | Noticed a centaur
  3059 | D:2      | Slain by a centaur

Skill      XL: |  1  2  3  4 |
---------------+-------------+-----
Dodging        | 3 4 |  4.4
Fighting       | 1 2 |  2.5
Ice Magic      | 4 |  4.0
Stealth        | |  2.1
Spellcasting   | |  2.5
Conjurations   | |  0.7

Action                   |  1- 3 |  4- 6 || total
-------------------------+-------+-------++-------
Melee: Unarmed           |    10 |       ||    10
       Short sword       |    57 |    70 ||   127
 Cast: Freeze            |    35 |     8 ||    43
       Throw Frost       |     7 |     5 ||    12
Evoke: Rod               |       |     1 ||     1
  Use: Scroll            |     1 |       ||     1
 Stab: Sleeping          |     4 |     1 ||     5
  Eat: Bread ration      |     1 |       ||     1
       Chunk             |       |     5 ||     5
Armor: Robe              |    13 |    12 ||    25
Dodge: Dodged            |    64 |    47 ||   111
Block: Buckler           |    11 |    18 ||    29
